[Event "Torneo Nuevo Centro. Jornada 11"]
[Site "Chess.com"]
[Date "2020.08.28"]
[Round "2"]
[White "Castellano López, Javier"]
[Black "Gómez Alonso, Óscar"]
[Result "1-0"]
[WhiteElo "1953"]
[BlackElo "1791"]
[TimeControl "180+2"]
[EndTime "10:48:46 PDT"]
[Termination "Victoria de its_xavi_official por abandono"]

1. d4 Nf6 2. c4 e6 3. Nf3 d5 4. cxd5 exd5 5. Nc3 c6 6. Bg5 Be7 7. e3 O-O 8. Bd3 Bg4 9. h3 Bh5 10. Qc2 Bg6 11. Rb1 Nbd7 12. b4 Bxd3 13. Qxd3 b5 14. O-O Nb6 15. a4 a6 16. a5 Nc4 17. Ne5 Qc7 18.
Bf4 Bd6 19. Nxc4 bxc4 20. Bxd6 Qxd6 21. Qd2 Rab8 22. Na4 Ne4 23. Qe1 Rb7 24. Nc5 Nxc5 25. bxc5 Rxb1 26. Qxb1 Qc7 27. Qb6 Rc8 28. Rb1 h6 29. Qxa6 c3 30. Qb6 Qd7 31. a6 Qf5 32. a7 c2 33. Rc1 Qd3 34. Qb2 Ra8 35. Qb8+ Kh7 36. Qxa8 Qd2 37. Rf1 c1=Q 38. Rxc1 Qxc1+ 39. Kh2 Qf1 40. Qxc6 Qxf2 41. a8=Q Qxe3 42. Qd6 f5 43.
Qe5 Qf2 44. Qaxd5 f4 45. Qf5+ g6 46. Qff7+ 1

[Event "Torneo Nuevo Centro. Jornada 11"]
[Site "Chess.com"]
[Date "2020.08.28"]
[Round "2"]
[White "Pedros Viudes, Santiago"]
[Black "Chofre Murcia, Adrián"]
[Result "1-0"]
[WhiteElo "1935"]
[BlackElo "1636"]
[TimeControl "180+2"]
[EndTime "10:49:05 PDT"]
[Termination "Victoria de ElGatoKamsky por jaque mate"]

1. d4 f5 2. Nc3 Nf6 3. Bg5 h6 4.
Bxf6 exf6 5. Qd3 d6 6. e4 fxe4 7. Qxe4+ Qe7 8. Bd3 Qxe4+ 9. Bxe4 Be7 10. Bg6+ Kd8 11.
O-O-O Nc6 12. f3 Bd7 13. Nge2 Be8 14. Bf5 g6 15. Be6 Rf8 16. Rhe1 Bd7 17. Bc4 a6 18.
Nf4 b5 19. Bd5 Rb8 20. Bxc6 Bxc6 21. Ne6+ Ke8 22. Nxf8 Kxf8 23. d5 Bd7 24. Re2 b4 25. Ne4 f5 26. Nf2 Bf6 27. Nd3 b3 28. axb3 a5 29. Kd2 Bb5 30. c4 Bd7 31. Kc2 Kf7 32. Ra1 a4 33. bxa4 g5 34. a5 f4 35. a6 Bd4 36. Ra2 Ra8 37. b4 Bf5 38. Kd2 Bc8 39. b5 Bf5 40. Nb4 Bc5 41. Nc6 Bd7 42. Re7+ Kf6 43.
Rxd7 Re8 44. Re7 Ra8 45. Rxc7 Bb6 46. Rb7 Bc5 47. a7 Re8 48. Rb8 Re3 49. a8=Q Rb3 50. Rf8+ Kg6 51. Qe8+ Kg7 52. Qf7# 1

[Event "Torneo Nuevo Centro. Jornada 11"]
[Site "Chess.com"]
[Date "2020.08.28"]
[Round "2"]
[White "Méndez Giménez , Néstor Emmanuel"]
[Black "Bercaru, Vlad Ionut"]
[Result "0-1"]
[WhiteElo "1242"]
[BlackElo "1727"]
[TimeControl "180+2"]
[EndTime "10:49:08 PDT"]
[Termination "Victoria de Rata29 por abandono"]

1. e4 e6 2. d4 d5 3. e5 c5 4. c3 Nc6 5. Nf3 Bd7 6. Bd3 Qb6 7. dxc5 Bxc5 8. O-O Qc7 9. b4 Bb6 10. a4 a6 11. a5 Ba7 12. Qe2 Nge7 13. Be3 Bxe3 14. Qxe3 Ng6 15. Nd4 Qxe5 16. Nxc6 Qxe3 17. fxe3 Bxc6 18.
Bxg6 hxg6 19. Nd2 Bb5 20. Rf2 Ke7 21. e4 Rad8 22. exd5 Rxd5 23. c4 Rxd2 24. Rxd2 Bxc4 25. Rc1 Bd5 26. Re1 Bc6 27. Red1 Rh4 28. g3 Rxb4 29. Rd4 Rb5 30. Ra1 Bd5 31. Rd2 Kd6 32. Rc2 Kd7 33.
Kf2 Rb4 34. Ke3 Rb3+ 35. Kd4 Rb4+ 36. Kc5 Rb5+ 37. Kd4 e5+ 38. Ke3 f6 39. Rd2 Ke6 40. h4 Rb3+ 41. Ke2 Bc4+ 42. Kd1 Rxg3 43. Rc1 Bd5 44. Kc2 Bc6 45. Rcd1 Ba4+ 46. Kc1 Bxd1 47. Rxd1 Ke7 48. Kb1 Rg4 49. Rc1 Rb4+ 50. Ka2 Kd7 51.
Rd1+ Kc6 52. Rc1+ Kb5 53. Rc7 Rxh4 54. Rxg7 Kxa5 55. Rxb7 g5 56. Kb2 Rb4+ 0

[Event "Torneo Nuevo Centro. Jornada 11"]
[Site "Chess.com"]
[Date "2020.08.28"]
[Round "2"]
[White "Gimenez Saiz, Jose Raul"]
[Black "Aymerich Rosell, Pablo"]
[Result "0-1"]
[WhiteElo "1815"]
[BlackElo "2010"]
[TimeControl "180+2"]
[EndTime "10:49:10 PDT"]
[Termination "Victoria de jasikevic por jaque mate"]

1. d4 Nf6 2. e3 d5 3. Bd3 g6 4. f4 Bg7 5. Nd2 O-O 6. Ngf3 Nc6 7.
c3 Rb8 8. O-O b5 9. Ne5 Nxe5 10.
fxe5 Ng4 11. Nf3 Nh6 12. e4 Bb7 13. exd5 Bxd5 14. Qe2 a6 15. Ng5 e6 16. Bd2 Nf5 17. a4 c6 18. g4 Nh4 19. Qf2 h6 20. Qxh4 hxg5 21. Bxg5 Qb6 22. axb5 c5 23. Rxa6 Qc7 24.
Be7 cxd4 25. Bd6 Qb7 26. c4 Bh1 27. Qf2 Bh6 28. Re1 Be3 29. Rxe3 dxe3 30. Qe2 Rfd8 31. Bxb8 Rxd3 32. Rd6 Rd2 33. Rxd2 exd2 34. Qxd2 Be4 35. Qd8+ Kh7 36. Qc7 Qa8 37. Qxf7+ Kh6 38. Qf4+ Kh7 39. Qf7+ Kh6 40. Qa7 Kg5 41. Qe3+ Kxg4 42. h3+ Kh5 43. Qa7 Kh4 44. c5 Qd5 45. Qh7+ Kg3 46. h4 Qd1# 0

[Event "Torneo Nuevo Centro. Jornada 11"]
[Site "Chess.com"]
[Date "2020.08.28"]
[Round "2"]
[White "Rodriguez Rodriguez, Joan David "]
[Black "Bosch Jordà, Ricard"]
[Result "1-0"]
[WhiteElo "1790"]
[BlackElo "1927"]
[TimeControl "180+2"]
[EndTime "10:49:19 PDT"]
[Termination "Victoria de Not_Jr_chess por tiempo"]

1. d4 Nf6 2. c4 c5 3. d5 b5 4. cxb5 a6 5. e3 g6 6. Nc3 Bg7 7. Nf3 O-O 8. e4 d6 9. a4 axb5 10.
Bxb5 Bd7 11. Bxd7 Nbxd7 12. O-O Ng4 13. h3 Nge5 14. Nxe5 Nxe5 15. Qe2 f5 16. f4 Nd7 17. exf5 Rxf5 18. Qe6+ Kh8 19. Re1 Bf8 20. Nb5 c4 21. Bd2 Nc5 22. Bc3+ Bg7 23. Qxe7 Qxe7 24. Rxe7 Bxc3 25. Nxc3 Rxf4 26. a5 Nb3 27. Ra3 Rxa5 28. Rxa5 Nxa5 29. Re6 Nb7 30. Nb5 Rf5 31. Nxd6 Nxd6 32.
Rxd6 Kg7 33. Rd7+ Kf6 34. Rc7 Rxd5 35. Rxc4 Rd1+ 36. Kh2 Rb1 37. Rb4 h5 38. Rb6+ Kf5 39.
b4 h4 40. b5 g5 41. Rb8 Kg6 42. b6 Kf7 43. b7 Kg7 44. g4 hxg3+ 45. Kxg3 Kf7 46.
Rh8 Kg7 47. b8=Q Rb7 48. Qxb7+ 1

[Event "Torneo Nuevo Centro. Jornada 11"]
[Site "Chess.com"]
[Date "2020.08.28"]
[Round "2"]
[White "Ursariu, Nikolas Victor"]
[Black "Bascuñana Sánchez, Pablo"]
[Result "1/2-1/2"]
[WhiteElo "1179"]
[BlackElo "1673"]
[TimeControl "180+2"]
[EndTime "10:49:24 PDT"]
[Termination "Partida en tablas por material insuficiente"]

1. e4 c5 2. Nf3 g6 3. Nc3 Bg7 4. Bc4 Nc6 5. O-O e6 6. d3 Nge7 7. Be3 b6 8. Re1 O-O 9. Bg5 Bb7 10. Be3 d6 11. d4 d5 12. exd5 exd5 13. Bb3 Na5 14. dxc5 Nxb3 15. axb3 Nf5 16. cxb6 d4 17.
Bg5 f6 18. Bxf6 Bxf6 19. Ne2 Bxf3 20. bxa7 Bxe2 21. Rxe2 Qb6 22. c3 Rxa7 23. cxd4 Rxa1 24. Qxa1 Nxd4 25. Rd2 Nxb3 26. Qa2 Re8 27. h3 Re1+ 28.
Kh2 Qe6 29. Rd3 Nc5 30. Qxe6+ Rxe6 31. Rd2 Ne4 32. Re2 Nc5 33. Rc2 Rc6 34. Re2 Kf7 35. Rc2 Be7 36. b4 Bd6+ 37. Kg1 Ke6 38. bxc5 Rxc5 39.
Rxc5 Bxc5 40. Kh2 Ke5 41. Kg3 h6 42. f4+ Kf5 43. Kf3 Bd6 44. g4+ Kf6 45. h4 h5 46.
Kg3 hxg4 47. Kxg4 Bb4 48. Kf3 Be1 49. Kg4 Bf2 50. h5 gxh5+ 51. Kxh5 Be3 52. Kg4 Bd2 53. f5 Bg5 54. Kf3 Bd2 55. Ke4 Bg5 56. Kf3 Kxf5 1/2-1

[Event "Torneo Nuevo Centro. Jornada 11"]
[Site "Chess.com"]
[Date "2020.08.28"]
[Round "2"]
[White "Luque Saiz, Andrés"]
[Black "Gutierrez Marco, Dario"]
[Result "1/2-1/2"]
[WhiteElo "2039"]
[BlackElo "1826"]
[TimeControl "180+2"]
[EndTime "10:49:38 PDT"]
[Termination "Partida en tablas por material insuficiente"]

1. e4 c5 2. Nf3 e6 3. Nc3 Nc6 4. d4 cxd4 5. Nxd4 Qc7 6. g3 a6 7. Bg2 Nf6 8. O-O Nxd4 9. Qxd4 Bc5 10. Bf4 d6 11. Qd2 h6 12. Rad1 e5 13. Be3 Be6 14.
a3 O-O 15. h3 b5 16. Kh2 Rac8 17. Bxc5 dxc5 18. f4 Rfd8 19. Qe3 Bc4 20. Rf2 Rxd1 21. Nxd1 Rd8 22. Rd2 Rxd2 23. Qxd2 Qd7 24. Qxd7 Nxd7 25. Ne3 Be2 26. Nd5 Kf8 27. Kg1 b4 28. axb4 cxb4 29.
Nxb4 exf4 30. gxf4 Nc5 31. Kf2 Bb5 32. Ke3 Ke7 33. Nd5+ Kd6 34. e5+ Kd7 35. f5 g6 36.
Kd4 Nb7 37. fxg6 fxg6 38. Be4 g5 39. Bf5+ Ke8 40. Nc7+ Ke7 41. Nxb5 axb5 42. b4 h5 43. Kd5 Nd8 44. Kc5 Nf7 45. Kd5 Nh6 46. Bg6 g4 47. Bxh5 gxh3 48. Bf3 h2 49. Kc5 Ng4 50. Kxb5 Nxe5 51.
Bg2 Kd6 52. c4 Kc7 53. c5 Nd3 54. Ka5 Kb8 55. b5 Nxc5 56. Kb4 Nd3+ 57. Kc3 Nf2 58. Kd4 h1=Q 59. Bxh1 Nxh1 60. Kc5 Ng3 61. b6 Nf5 62. b7 Kxb7 1/2-1

[Event "Torneo Nuevo Centro. Jornada 11"]
[Site "Chess.com"]
[Date "2020.08.28"]
[Round "2"]
[White "Roca Cruz, Rafael"]
[Black "Lloret Ramis, Juan José"]
[Result "0-1"]
[WhiteElo "1796"]
[BlackElo "1977"]
[TimeControl "180+2"]
[EndTime "10:49:56 PDT"]
[Termination "Victoria de Amiplim por abandono"]

1. d4 d5 2. c4 e6 3. Nc3 Nf6 4.
Bg5 Be7 5. cxd5 exd5 6. e3 c6 7. Bd3 Nbd7 8. Qc2 Nh5 9. Bxe7 Qxe7 10. Nge2 g6 11. O-O Ndf6 12. Rae1 O-O 13. a3 Ng7 14. Ng3 h5 15. f3 h4 16. Nh1 Ne6 17. Qf2 Qd6 18. Qxh4 Kg7 19. e4 dxe4 20. Nxe4 Qxd4+ 21. Nhf2 Nxe4 22. Rxe4 Qxb2 23. Ng4 Rh8 24. Qe7 Qc3 25.
Ne5 Qc5+ 26. Qxc5 Nxc5 27. Re3 Nxd3 28. Nxd3 Be6 29. Nc5 Bd5 30. Nxb7 Rab8 31. Nc5 Rb2 32. Nd3 Rb3 33. Rfe1 Rhb8 34. Nf4 Rxe3 35. Rxe3 Rb1+ 36.
Kf2 Rb2+ 37. Kg3 Bc4 38. Re7 a6 39. h3 Rb3 40. Rc7 Bb5 41. Ne6+ Kf6 42. Nd4 Rxa3 43. Nxb5 cxb5 44. h4 b4 45. Kf4 b3 46. Rc6+ Kg7 47.
Rb6 a5 48. g4 a4 49. g5 Ra2 50. h5 gxh5 51. Kf5 Rf2 52. g6 fxg6+ 53. Kg5 Rxf3 54. Rb7+ Kg8 55. Kxg6 Rg3+ 56. Kxh5 a3 57. Kh4 Rc3 58. Kg5 a2 59. Kg6 Rg3+ 0

[Event "Torneo Nuevo Centro. Jornada 11"]
[Site "Chess.com"]
[Date "2020.08.28"]
[Round "2"]
[White "Donate Moreno, Silvia"]
[Black "Garcia, Jhoel"]
[Result "0-1"]
[WhiteElo "1839"]
[BlackElo "2383"]
[TimeControl "180+2"]
[EndTime "10:50:08 PDT"]
[Termination "Victoria de shoels por jaque mate"]

1. e4 c5 2. Nf3 Nc6 3. d4 cxd4 4. Nxd4 g6 5. c4 Bg7 6. Be3 Nf6 7. Nc3 O-O 8. Be2 d6 9. O-O Bd7 10. Qd2 Nxd4 11. Bxd4 Bc6 12. f3 a6 13. Rfd1 Nd7 14.
Be3 Re8 15. Qc2 Rc8 16. Rac1 b5 17. cxb5 Bxb5 18. Bxb5 axb5 19. Qb3 Qa5 20. Nxb5 Rxc1 21. Rxc1 Rb8 22. a4 Nc5 23. Bxc5 dxc5 24. Qc4 Qd2 25. b3 Bd4+ 26. Kh1 h5 27. Qc2 Qe3 28. Rd1 h4 29. Qd3 Qf2 30. Qd2 e5 31. Qxf2 Bxf2 32. Rd5 Rc8 33.
Nd6 Rb8 34. Rd3 Bd4 35. Nc4 Kg7 36. Ne3 Bxe3 37. Rxe3 c4 38. Re1 Rxb3 39. Rc1 Ra3 40. Kg1 Rxa4 41. g3 h3 42. Rc2 Kf6 43. Kf2 Ke6 44. Ke3 Kd6 45. f4 Ra3+ 46. Kf2 Kc5 47. Ke2 Kd4 48. Rd2+ Kxe4 49. fxe5 Kxe5 50. Rd7 f5 51.
Rc7 Kd5 52. Kf2 Ra2+ 53. Kg1 Kd4 54. Rc6 Ke3 55. Re6+ Kf3 56. Re1 Rg2+ 57. Kh1 Re2 58. Rf1+ Ke3 59. g4 f4 60. g5 c3 61. Rf3+ Kxf3 62. Kg1 Re1# 0

[Event "Torneo Nuevo Centro. Jornada 11"]
[Site "Chess.com"]
[Date "2020.08.28"]
[Round "3"]
[White "Fitzpatrick Dimas, Kevin"]
[Black "Méndez Giménez , Néstor Emmanuel"]
[Result "0-1"]
[WhiteElo "841"]
[BlackElo "1244"]
[TimeControl "180+2"]
[EndTime "10:51:31 PDT"]
[Termination "Victoria de NestorMendez8 por abandono"]

1. e4 e6 2. Bc4 Nf6 3. Nc3 d5 4. exd5 exd5 5. Qe2+ Be7 6. Nxd5 Nxd5 7. Bxd5 Qxd5 8. c4 Qxg2 9. c5 Qxh1 10. Qb5+ Bd7 11. Qb6 0

[Event "Torneo Nuevo Centro. Jornada 11"]
[Site "Chess.com"]
[Date "2020.08.28"]
[Round "3"]
[White "Alvarez Usina, Jordi"]
[Black "Grigorev, Artur "]
[Result "1-0"]
[WhiteElo "1269"]
[BlackElo "919"]
[TimeControl "180+2"]
[EndTime "10:52:06 PDT"]
[Termination "Victoria de jordi_alvarez por jaque mate"]

1. d4 d5 2. Bf4 Nc6 3. e3 Bf5 4. c3 e6 5. Bd3 Bxd3 6. Qxd3 Bd6 7. Bg3 Bxg3 8. hxg3 Nf6 9. Nf3 O-O 10. g4 Nxg4 11. Qxh7# 1

[Event "Torneo Nuevo Centro. Jornada 11"]
[Site "Chess.com"]
[Date "2020.08.28"]
[Round "3"]
[White "Gil López, Alejandro"]
[Black "Martínez Escandell, Alfonso"]
[Result "1-0"]
[WhiteElo "2214"]
[BlackElo "1926"]
[TimeControl "180+2"]
[EndTime "10:53:37 PDT"]
[Termination "Victoria de AglVal0313 por abandono"]

1. e4 c5 2. Nf3 e6 3. c3 Nc6 4.
d4 cxd4 5. cxd4 d5 6. exd5 Qxd5 7. Nc3 Qd8 8. Bb5 Bd7 9. O-O Nf6 10. Re1 Be7 11. d5 exd5 12. Nxd5 Nxd5 13. Qxd5 O-O 14. Bf4 a6 15. Ba4 b5 16. Bb3 Be6 17. Qxc6 Bxb3 18. axb3 Bf6 19. Be5 Bxe5 20. Nxe5 Rc8 21. Qd7 Qf6 22.
Qg4 Qd6 23. Rad1 Qc5 24. Nd7 Qc2 25. Nxf8 Rxf8 26. Qb4 Qxb2 27. Qxf8+ 1

[Event "Torneo Nuevo Centro. Jornada 11"]
[Site "Chess.com"]
[Date "2020.08.28"]
[Round "3"]
[White "Aymerich Rosell, Pablo"]
[Black "Muñoz Pantoja, Miguel"]
[Result "0-1"]
[WhiteElo "1999"]
[BlackElo "2105"]
[TimeControl "180+2"]
[EndTime "10:53:58 PDT"]
[Termination "Victoria de Indalsa por jaque mate"]

1. e4 d5 2. exd5 Qxd5 3. Nc3 Qa5 4. d4 Nf6 5. Nf3 Bg4 6. h3 Bxf3 7. Qxf3 c6 8. Bd2 Nbd7 9. Bc4 e6 10. O-O-O Bb4 11.
a3 Bxc3 12. Bxc3 Qc7 13. Rhe1 O-O 14. g4 b5 15. Bd3 a5 16. g5 Nd5 17. Bd2 b4 18. a4 c5 19. Qe4 g6 20. h4 c4 21.
Bf1 c3 22. Be3 cxb2+ 23. Kxb2 Qc3+ 24. Kb1 Qa3 25. Bd2 Nc3+ 26. Bxc3 bxc3 27. Bb5 Qb2# 0

[Event "Torneo Nuevo Centro. Jornada 11"]
[Site "Chess.com"]
[Date "2020.08.28"]
[Round "3"]
[White "Bosch Jordà, Ricard"]
[Black "Beneyto de Ramon, Guillermo"]
[Result "0-1"]
[WhiteElo "1914"]
[BlackElo "1652"]
[TimeControl "180+2"]
[EndTime "10:54:04 PDT"]
[Termination "Victoria de GUILLETE por abandono"]

1. e4 Nf6 2. Nc3 e5 3. Nf3 Nc6 4. Bb5 Nd4 5. Nxd4 exd4 6. e5 dxc3 7. exf6 cxd2+ 8. Bxd2 Qxf6 9. O-O Be7 10. Bc3 Qg5 11. f4 Qxb5 12. Bxg7 Rg8 13. Bc3 Qc6 14. Qe2 d6 15. f5 Qc5+ 16. Kh1 Bxf5 17. Bf6 Be6 18. Bxe7 Kxe7 19. Qh5 Qxh5 0

[Event "Torneo Nuevo Centro. Jornada 11"]
[Site "Chess.com"]
[Date "2020.08.28"]
[Round "3"]
[White "Rabbani Perez, Oumaima "]
[Black "Ortiz Benavent, Alba"]
[Result "1-0"]
[WhiteElo "726"]
[BlackElo "1185"]
[TimeControl "180+2"]
[EndTime "10:54:06 PDT"]
[Termination "Victoria de OumaimaMaria por jaque mate"]

1. e3 e5 2. d4 f6 3. dxe5 fxe5 4. Qh5+ Ke7 5. Qh4+ Ke8 6. Qh5+ Ke7 7. Qxe5+ Kf7 8.
Bc4+ Kg6 9. Qf4 Qg5 10. Qxf8 Qxg2 11. Bd3+ Kh5 12. Qf5+ Qg5 13. Qf3+ Kh4 14. Qh3# 1

[Event "Torneo Nuevo Centro. Jornada 11"]
[Site "Chess.com"]
[Date "2020.08.28"]
[Round "3"]
[White "Martin Ayala, David"]
[Black "Gukasov, Artem"]
[Result "1-0"]
[WhiteElo "1823"]
[BlackElo "1460"]
[TimeControl "180+2"]
[EndTime "10:54:16 PDT"]
[Termination "Victoria de martinayala por abandono"]

1. e4 e6 2. d4 d5 3. Nd2 c5 4. c3 Nc6 5. exd5 exd5 6. Ne2 Nf6 7. g3 Be7 8. Bg2 O-O 9. O-O b6 10. dxc5 bxc5 11. c4 Bb7 12. Nc3 d4 13. Nd5 Nxd5 14.
Bxd5 Qc7 15. Qf3 Bf6 16. Ne4 Be5 17. Ng5 Nb4 18. Bxb7 Rab8 19. Be4 f6 20. Ne6 Qd6 21. Nxf8 Kxf8 22. a3 Na6 23. Qh5 1

[Event "Torneo Nuevo Centro. Jornada 11"]
[Site "Chess.com"]
[Date "2020.08.28"]
[Round "3"]
[White "Castellano López, Javier"]
[Black "Sos Andreu, Eric"]
[Result "0-1"]
[WhiteElo "1952"]
[BlackElo "2521"]
[TimeControl "180+2"]
[EndTime "10:54:44 PDT"]
[Termination "Victoria de ericovski por abandono"]

1. d4 Nf6 2. c4 e6 3. Nf3 c5 4. d5 exd5 5. cxd5 d6 6. Nc3 g6 7. h3 Bg7 8. e4 Nbd7 9. Bf4 O-O 10. Bxd6 Re8 11. Bd3 Qb6 12. e5 Qxd6 13. O-O Nxe5 14. Nxe5 Rxe5 15. Bc4 Bf5 16. Nb5 Qb6 17. Qd2 Rd8 18. Nc3 Ne4 19. Nxe4 Rxe4 20. Bb3 Rd4 21. Qe3 c4 22. Bd1 R4xd5 23. Bf3 Qxe3 24. fxe3 R5d7 25.
e4 Be6 26. Rab1 Rd2 27. b3 c3 28. Rfc1 c2 29. Rb2 Bxb2 0

[Event "Torneo Nuevo Centro. Jornada 11"]
[Site "Chess.com"]
[Date "2020.08.28"]
[Round "3"]
[White "del Campo Hernández, Ángel "]
[Black "Serrano Requena, Guillem"]
[Result "0-1"]
[WhiteElo "1127"]
[BlackElo "1322"]
[TimeControl "180+2"]
[EndTime "10:54:45 PDT"]
[Termination "Victoria de Guily351 por abandono"]

1. e4 c5 2. Nf3 g6 3. d4 cxd4 4. Qxd4 Nf6 5. e5 Nc6 6. Qc3 Nd5 7. Qc4 Nb6 8. Qd3 Bg7 9. Bf4 Qc7 10. Qe3 Nc4 11. e6 Nxe3 12. exf7+ Kxf7 13. Bxc7 Nxc2+ 14. Kd1 Nxa1 15. Bc4+ e6 16. Ng5+ Ke7 17. Re1 Bxb2 18. Nxe6 dxe6 19. Rxe6+ Bxe6 0

[Event "Torneo Nuevo Centro. Jornada 11"]
[Site "Chess.com"]
[Date "2020.08.28"]
[Round "3"]
[White "Macias Pino, Diego"]
[Black "Birnoveanu, Petru"]
[Result "1-0"]
[WhiteElo "2251"]
[BlackElo "1703"]
[TimeControl "180+2"]
[EndTime "10:55:00 PDT"]
[Termination "Victoria de adivinaquiensoy por abandono"]

1. d4 g6 2. Nf3 Bg7 3. Bf4 d6 4. c3 Nd7 5. Nbd2 e5 6. Bg3 f5 7.
e4 f4 8. Bh4 Bf6 9. Bxf6 Qxf6 10. Nc4 b5 11. dxe5 dxe5 12. Qd5 c6 13. Nd6+ Kf8 14.
Qxc6 Ke7 15. Nxc8+ 1

[Event "Torneo Nuevo Centro. Jornada 11"]
[Site "Chess.com"]
[Date "2020.08.28"]
[Round "3"]
[White "Blanco Solaz, Ramón"]
[Black "Ursariu, Nikolas Victor"]
[Result "1-0"]
[WhiteElo "1969"]
[BlackElo "1179"]
[TimeControl "180+2"]
[EndTime "10:55:05 PDT"]
[Termination "Victoria de Rbs77 por jaque mate"]

1. e4 e5 2. f4 Nc6 3. Nf3 d6 4.
Bc4 Be6 5. d3 Nf6 6. Nc3 Be7 7.
O-O Qd7 8. Bb5 a6 9. Ba4 O-O 10. fxe5 dxe5 11. Nxe5 Qd6 12. Nxc6 bxc6 13. Bf4 Qc5+ 14.
Kh1 Bd6 15. d4 Qb6 16. e5 Nh5 17. exd6 Nxf4 18. Rxf4 cxd6 19. d5 cxd5 20. Nxd5 Bxd5 21. Qxd5 Rac8 22. Bb3 Rfe8 23. Qxf7+ Kh8 24. Rg4 Rg8 25. Rf1 Qe3 26. Qf5 Rce8 27. Rh4 h6 28. Bxg8 Qe1 29. Qh7# 1

[Event "Torneo Nuevo Centro. Jornada 11"]
[Site "Chess.com"]
[Date "2020.08.28"]
[Round "3"]
[White "Gómez Alonso, Óscar"]
[Black "Conejero Martínez, Víctor"]
[Result "1-0"]
[WhiteElo "1792"]
[BlackElo "1370"]
[TimeControl "180+2"]
[EndTime "10:55:06 PDT"]
[Termination "Victoria de osgo78 por jaque mate"]

1. d4 Nf6 2. c4 e5 3. dxe5 Ng4 4.
a3 Nxe5 5. e3 d6 6. Nd2 Be6 7.
Ngf3 Nbc6 8. b4 a6 9. Bb2 Nd7 10. Nd4 Nxd4 11. exd4 Qe7 12. Qe2 Bxc4 13. Qxe7+ Bxe7 14.
Bxc4 b5 15. Bd5 Rc8 16. Bc6 Rb8 17. O-O Rb6 18. d5 Rg8 19. Rfe1 Kd8 20. Nf3 Nb8 21. Rac1 g5 22. h3 h5 23. Nd4 g4 24. hxg4 Rxg4 25. Nf5 Bg5 26. Re8# 1

[Event "Torneo Nuevo Centro. Jornada 11"]
[Site "Chess.com"]
[Date "2020.08.28"]
[Round "3"]
[White "Montesinos Diaz, Luis"]
[Black "Casado Andreu, David"]
[Result "1-0"]
[WhiteElo "1891"]
[BlackElo "1567"]
[TimeControl "180+2"]
[EndTime "10:55:22 PDT"]
[Termination "Victoria de Gwiso_06 por abandono"]

1. e4 e5 2. Nf3 Nc6 3. d4 exd4 4. Bc4 Bb4+ 5. c3 dxc3 6. bxc3 Ba5 7. Ng5 Nh6 8. Ba3 d6 9. O-O Qxg5 10. f4 Qe7 11. e5 O-O 12. exd6 cxd6 13. Bxd6 Qe3+ 14. Kh1 Rd8 15. Re1 Rxd6 16. Nd2 Qxd2 17. Qxd2 1

[Event "Torneo Nuevo Centro. Jornada 11"]
[Site "Chess.com"]
[Date "2020.08.28"]
[Round "3"]
[White "Gimenez Sanchis, Jose Antonio"]
[Black "Gimenez Saiz, Jose Raul"]
[Result "0-1"]
[WhiteElo "1402"]
[BlackElo "1816"]
[TimeControl "180+2"]
[EndTime "10:55:37 PDT"]
[Termination "Victoria de rango013 por abandono"]

1. d4 d6 2. Nf3 g6 3. Bf4 Nd7 4. e3 Bg7 5. Be2 e5 6. dxe5 dxe5 7. Bg3 Ne7 8. h3 O-O 9. O-O e4 10. Nd4 a6 11. c3 b5 12. Nd2 c5 13. Nc2 Bb7 14. Ne1 Nf5 15. Bh2 Ne5 16. Qc2 Qd5 17. Rd1 Qxa2 18. Nxe4 Bxe4 19. Qxe4 Qxb2 20. Bf3 Nxf3+ 21.
Nxf3 Qxc3 22. Be5 Bxe5 23. Nxe5 Rfe8 24. Rd5 Rad8 25. Rfd1 Rxd5 26. Rxd5 f6 0

[Event "Torneo Nuevo Centro. Jornada 11"]
[Site "Chess.com"]
[Date "2020.08.28"]
[Round "3"]
[White "Perez Garcia, Jose Miguel"]
[Black "Pardo Ruiz, Carlos"]
[Result "0-1"]
[WhiteElo "2031"]
[BlackElo "1705"]
[TimeControl "180+2"]
[EndTime "10:57:09 PDT"]
[Termination "Victoria de Carlitoscarlsen por abandono"]

1. e4 Nf6 2. Bc4 Nxe4 3. Bxf7+ Kxf7 4. Qh5+ g6 5. Qd5+ Ke8 6. Qxe4 d5 7. Qe2 Nc6 8. Nf3 Bg7 9. c3 e5 10. d3 Bf5 11. h3 Rf8 12. O-O Kf7 13. Bg5 Qd7 14. Nbd2 Kg8 15. Rfe1 Rae8 16. Rad1 d4 17. Ne4 dxc3 18.
bxc3 Bxe4 19. dxe4 Qe6 20. a4 Na5 21. Qb5 b6 22. Qd5 Qxd5 23. Rxd5 Rf7 24. Red1 Nc4 25. Rd7 Nd6 26. Rxf7 Kxf7 27. Nd2 h6 28. Bh4 g5 29.
Bg3 Rd8 30. Ra1 Nb7 31. Nf3 Ke6 32. Kf1 Nc5 33. a5 Nxe4 34. axb6 axb6 35. Bxe5 Bxe5 36. Re1 Nd2+ 37. Ke2 Nxf3 38. Kxf3 Kf6 39. Re3 c5 40. g3 b5 41. Ke4 b4 42. cxb4 cxb4 43. Rf3+ Ke6 44.
Rf5 Rd4+ 0

[Event "Torneo Nuevo Centro. Jornada 11"]
[Site "Chess.com"]
[Date "2020.08.28"]
[Round "3"]
[White "Tormos Beltran, Maite"]
[Black "Donate Peris, Jose Manuel"]
[Result "1-0"]
[WhiteElo "1464"]
[BlackElo "1517"]
[TimeControl "180+2"]
[EndTime "10:57:09 PDT"]
[Termination "Victoria de TORBEL79 por jaque mate"]

1. d4 Nf6 2. c4 e6 3. Nc3 Bb4 4. Bd2 d5 5. c5 b6 6. a3 Bxc3 7.
Bxc3 bxc5 8. dxc5 Ba6 9. Qa4+ Qd7 10. Qb4 Nc6 11. Qa4 Bb7 12. Nf3 O-O 13. e3 Rab8 14. b4 Ne4 15. Bb2 Qd8 16. Bd3 Ne7 17. O-O Bc6 18.
Qc2 Ng6 19. Rad1 Qe7 20. Ne5 Nxe5 21. Bxe5 f6 22. Bg3 Nxg3 23. Bxh7+ Kh8 24. hxg3 f5 25. Bg6 Qg5 26. Bxf5 Rxf5 27. f4 Qh6 28. Kf2 g5 29. Rh1 Qxh1 30. Rxh1+ Kg7 31. g4 Rff8 32. Qh7+ Kf6 33.
Rh6# 1

[Event "Torneo Nuevo Centro. Jornada 11"]
[Site "Chess.com"]
[Date "2020.08.28"]
[Round "3"]
[White "Marques Montolio, Luis"]
[Black "Sampedro Roig, Josep Francesc"]
[Result "0-1"]
[WhiteElo "1472"]
[BlackElo "1838"]
[TimeControl "180+2"]
[EndTime "10:57:55 PDT"]
[Termination "Victoria de Abrekurios por abandono"]

1. e4 Nf6 2. Nc3 d5 3. exd5 Nxd5 4. Nxd5 Qxd5 5. d4 Bf5 6. c4 Qe4+ 7. Qe2 e6 8. Qxe4 Bxe4 9. Be3 Nc6 10. f3 Bb4+ 11.
Kf2 Bg6 12. a3 Be7 13. Ne2 O-O-O 14. b4 Bf6 15. d5 exd5 16. cxd5 Bxa1 17. dxc6 b6 18.
Nf4 Bb2 19. a4 Bc2 20. a5 Ba4 21. axb6 cxb6 22. Ba6+ Kc7 23. b5 Be5 24. Nh5 Rhe8 25. f4 Bd6 26. Nxg7 Re4 27. g3 Bc5 28. Bxc5 bxc5 29.
Kf3 Rb4 30. Nf5 Bxb5 31. Bxb5 Rxb5 32. Ra1 a5 33. Re1 Kxc6 34. Ne7+ Kb6 35. Nf5 Rd7 36. Re8 a4 37. Rb8+ Ka5 38. Ra8+ Kb4 39. Ne3 Ra5 40.
Nc2+ Kb5 41. Rb8+ Kc4 42. Ne3+ Kc3 43. Rc8 a3 44. Rb8 a2 0

[Event "Torneo Nuevo Centro. Jornada 11"]
[Site "Chess.com"]
[Date "2020.08.28"]
[Round "3"]
[White "Bercaru, Vlad Ionut"]
[Black "Kovacevic, Slobodan"]
[Result "1/2-1/2"]
[WhiteElo "1740"]
[BlackElo "2252"]
[TimeControl "180+2"]
[EndTime "10:58:01 PDT"]
[Termination "Tablas por repeticiÃ³n"]

1. c4 c5 2. Nc3 Nf6 3. g3 e6 4. Bg2 a6 5. Nf3 Qc7 6. O-O b6 7.
d4 cxd4 8. Nxd4 Bb7 9. b3 d6 10. Bb2 Nbd7 11. e4 Be7 12. Re1 O-O 13. Qd2 Rac8 14.
Rad1 Rfe8 15. Re2 Red8 16. Nc2 Qb8 17. Ne3 Nc5 18. f3 b5 19. cxb5 axb5 20. Nxb5 Bxe4 21.
fxe4 Qxb5 22. Nc4 Qa6 23. Bc3 Ncxe4 24. Bxe4 d5 25. Bxh7+ Kxh7 26. Ne5 Kg8 27. Kh1 Ne4 28.
Rxe4 dxe4 29. Qc2 Rd5 30. Qf2 Bc5 31. Qxf7+ Kh7 32. Qh5+ Kg8 33. Qf7+ Kh7 34. Qh5+ Kg8 35. Qf7+ 1/2-1